 Dungeon Crawl Stone Soup version 0.30-a0-25-gacc37e2db0 (webtiles) character file.

Game seed: 207898258465139262

239 Plasmagod the Covered (level 6, -1/38 HPs)
             Began as a Gargoyle Fighter on Aug 25, 2022.
             Slain by a killer bee (2 damage)
             ... on level 4 of the Dungeon.
             The game lasted 00:03:02 (3647 turns).

Plasmagod the Covered (Gargoyle Fighter)            Turns: 3647, Time: 00:03:02

Health: -1/38      AC: 11    Str: 22    XL:     6   Next: 7%
Magic:  6/6        EV:  9    Int:  8    God:
Gold:   152        SH:  4    Dex:  9    Spells: 5/5 levels left

rFire   . . .      SeeInvis .    a - +0 flail
rCold   . . .      Faith    .    c - +0 buckler
rNeg    + . .      Spirit   .    b - +0 scale mail
rPois   ∞          Reflect  .    (no helmet)
rElec   +          Harm     .    (no cloak)
rCorr   .          Rampage  .    (no gloves)
Will    .....                    (no boots)
Stlth   ..........               (no amulet)
HPRegen 0.12/turn                (no ring)
MPRegen 0.10/turn                (no ring)

@: no status effects
A: sickness immunity, AC +4, negative energy resistance 1, electricity
resistance, torment resistance 1, petrification resistance
a: no special abilities


You were on level 4 of the Dungeon.
You visited 1 branch of the dungeon, and saw 4 of its levels.

You collected 152 gold pieces.

Inventory:

Hand Weapons
 a - a +0 flail (weapon)
Armour
 b - a +0 scale mail (worn)
 c - a +0 buckler (worn)
Scrolls
 g - 2 scrolls of teleportation {unknown}
 h - 2 scrolls of noise {unknown}
 j - a scroll of vulnerability {unknown}
 l - 2 scrolls of amnesia {unknown}
 m - 2 scrolls of poison {unknown}
 n - 3 scrolls of identify {unknown}
 p - a scroll of enchant weapon {unknown}
Potions
 d - 3 potions of might
 e - 4 potions of curing {unknown}
 f - 2 potions of haste {unknown}
 i - 2 potions of heal wounds {unknown}
 k - a potion of invisibility {unknown}
 o - a potion of brilliance {unknown}
 q - a potion of berserk rage {unknown}


   Skills:
 + Level 4.0 Fighting
 + Level 4.0 Maces & Flails
 + Level 4.7 Armour
 + Level 0.6 Dodging
 + Level 0.4 Stealth
 + Level 4.0 Shields


You had 5 spell levels left.
You didn't know any spells.
Your spell library contained the following spells:

 Spells                   Type           Power      Damage    Failure   Level
 Cause Fear               Hex            0%         N/A       100%        4
 Dragon Form              Tmut           0%         N/A       100%        7
 Dragon's Call            Summ           0%         N/A       100%        9


Dungeon Overview and Level Annotations

Branches:
Dungeon (4/15)
 Temple: D:4-7

Altars:


Innate Abilities, Weirdness & Mutations

You are immune to sickness and miasma.
Your stone body is resilient. (AC +4)
You are immune to poison.
You resist negative energy. (rN+)
You are resistant to electric shocks. (rElec)
You are resistant to unholy torment.
You are immune to petrification.


Message History

Your Maces & Flails skill increases to level 4!
You have reached level 6!
You miss the killer bee.
The killer bee stings you but does no damage.
The killer bee barely misses you. The killer bee stings you.
The killer bee closely misses you. x2; The killer bee misses you.
You barely miss the killer bee. The killer bee barely misses you.
The killer bee stings you.
The killer bee stings you but does no damage.
The killer bee stings you. The killer bee barely misses you.
The killer bee stings you but does no damage.
You block the killer bee's attack.
The killer bee stings you but does no damage.
The killer bee stings you.
You are too injured to fight recklessly!
You are too injured to fight recklessly!
You are too injured to fight recklessly!
You are too injured to fight recklessly!
You closely miss the killer bee. You block the killer bee's attack. x2
The killer bee barely misses you. x2
The killer bee stings you but does no damage.
The killer bee stings you.
You closely miss the killer bee.
The killer bee stings you but does no damage. x2
The killer bee misses you. You block the killer bee's attack.
The killer bee closely misses you. The killer bee barely misses you.
The killer bee stings you. You block the killer bee's attack.
The killer bee stings you.
* * * LOW HITPOINT WARNING * * *
You barely miss the killer bee. You block the killer bee's attack.
The killer bee stings you but does no damage. x2
The killer bee misses you.
The killer bee stings you but does no damage. x2
You miss the killer bee. The killer bee barely misses you.
The killer bee closely misses you. The killer bee barely misses you.
You block the killer bee's attack. The killer bee stings you!
* * * LOW HITPOINT WARNING * * *
The killer bee stings you but does no damage.
You block the killer bee's attack. The killer bee stings you.
You die...

.. ..............
...............#####
....#.#..##........#
....#.#..##)........
...................
#..............#
##...).........#
##..............#
#.y@...........##
#....yy......<.....#
....................#
#...###...............
##. ###..##......... #
/........###...
..###...>.# ... $#
...... #. #.......


You could see 3 killer bees.

Vanquished Creatures
  A killer bee (D:4)
  A hound (D:3)
  An iguana (D:4)
  An orc wizard (D:3)
  3 gnolls
  2 adders (D:2)
  3 dart slugs
  2 orcs (D:3)
  2 ball pythons
  4 bats
  7 endoplasms
  2 giant cockroaches
  5 goblins
  4 hobgoblins (D:1)
  8 jackals (D:2)
  A quokka (D:2)
  3 frilled lizards
  3 kobolds
  2 rats (D:3)
55 creatures vanquished.

Notes
Turn   | Place    | Note
-------+----------+-------------------------------------------
     0 | D:1      | Plasmagod the Gargoyle Fighter began the quest for the Orb.
     0 | D:1      | Reached XP level 1. HP: 14/14 MP: 1/1
   270 | D:1      | Reached XP level 2. HP: 19/19 MP: 2/2
   742 | D:1      | Reached XP level 3. HP: 23/23 MP: 3/3
   810 | D:1      | Found a faded altar of an unknown god.
  1554 | D:2      | Reached XP level 4. HP: 16/28 MP: 4/4
  2964 | D:3      | Reached XP level 5. HP: 3/33 MP: 5/5
  3642 | D:4      | Reached XP level 6. HP: 26/38 MP: 6/6
  3647 | D:4      | HP: 1/38 [killer bee (7)]
  3647 | D:4      | Slain by a killer bee

Illustrated notes

Levels and vault maps discovered:
D:1:      scummos_arrival_hexagon, layout_loops_ring,
          chequers_ecumenical_altar_simple
D:2:      layout_basic
D:3:      layout_basic, serial_curves, eino_curves_04, eino_curves_02,
          eino_curves_04, eino_curves_02, ebering_dispersal_statue_hall,
          minmay_misc_feat_roman
D:4:      layout_cave_pools, reono_crystal_passage

Skill      XL: |  1  2  3  4  5 |
---------------+----------------+-----
Maces & Flails | 3 4 |  4.0
Armour         | 4 |  4.7
Shields        | 4 |  4.0
Fighting       | 4 |  4.0
Dodging        | |  0.6
Stealth        | |  0.4

Action                   |  1- 3 |  4- 6 || total
-------------------------+-------+-------++-------
Melee: Flail             |   131 |    99 ||   230
Armor: Scale mail        |    92 |    86 ||   178
Dodge: Dodged            |    74 |    58 ||   132
Block: Buckler           |    29 |    31 ||    60

Table legend: (Time is in decaauts)
 A = Elapsed time spent in this place.
 B = Non-inter-level travel time spent in this place.
 C = Inter-level travel time spent in this place.
 D = Time resting spent in this place.
 E = Time spent auto-exploring this place.
 F = Levels seen in this place.
 G = Mean time per level.
                   A        B        C        D        E       F      G
               +--------+--------+--------+--------+--------+-----+--------+
         Total |   3718 |   3625 |     93 |    448 |   2626 |   4 |  929.5 |
       Dungeon |   3718 |   3625 |     93 |    448 |   2626 |   4 |  929.5 |
               +--------+--------+--------+--------+--------+-----+--------+

Top non-repeatable levels by time:
     D:3: 1376 daAuts
     D:2: 1063 daAuts
     D:1: 1037 daAuts
     D:4: 241 daAuts
